Map: Cerulean Fall LE

Players

JonSnow - Winner!

  • Race: Zerg Zerg
  • Spawn Location: 7:00

Serral

  • Race: Zerg Zerg
  • Spawn Location: 1:00

Event: WCS Montreal 2018

VOD

Have the link to the VOD?

Description

Time

  • Played on: Sept. 8, 2018, 9:17 a.m.
  • Length: 10:24

All games in this series

Show
View Real Time Build Order
Export as new Build Order

JonSnow Zerg - Winner!

Build Orders: Hatch First 

Get SALT Encoding   

  12  0:00  Drone  
  13  0:12  Overlord  
  13  0:18  Drone  
  14  0:31  Drone x2  
  16  0:36  Drone  
  17  0:53  Hatchery  
  17  0:57  Drone  
  17  1:03  Drone  
  18  1:11  Extractor  
  17  1:16  Spawning Pool  
  17  1:18  Drone  
  17  1:22  Drone  
  18  1:28  Drone  
  19  1:41  Drone  
  20  1:54  Overlord  
  20  2:02  Queen  
  20  2:05  Queen  
  20  2:07  Drone x2  
  26  2:11  Drone  
  27  2:17  Drone  
  27  2:21  Drone  
  29  2:26  Overlord  
  29  2:32  Zergling x2  
  30  2:37  Drone  
  30  2:41  Queen  
  33  2:44  Drone  
  33  2:49  Drone  
  35  2:56  Overlord  
  35  2:58  Drone  
  35  3:00  Lair  
  35  3:04  Drone  
  37  3:09  Roach Warren, Evolution Chamber  
  35  3:13  Drone x4  
  35  3:14  Drone  
  35  3:16  Drone  
  41  3:20  Drone x2  
  41  3:25  Drone  
  44  3:34  Evolution Chamber  
  43  3:35  Evolution Chamber  
  43  3:38  Spine Crawler  
  43  3:39  Queen  
  43  3:43  Overlord  
  43  3:49  Roach x2  
  43  3:50  Drone  
  43  3:52  Drone  
  47  3:56  Overlord  
  47  3:59  Extractor x2  
  47  4:00  Extractor  
  43  4:04  Drone x4  
  43  4:09  Drone  
  48  4:14  Drone  
  48  4:16  Spire  
  49  4:25  Drone x2  
  49  4:27  Evolution Chamber  
  49  4:29  Glial Reconstitution  
  50  4:36  Drone x2  
  52  4:39  Queen  
  54  4:46  Overlord  
  54  4:58  Overlord  
  54  5:02  Overlord  
  54  5:05  Drone  
  54  5:06  Drone  
  56  5:16  Zerg Missile Weapons Level 1  
  56  5:17  Overlord  
  56  5:21  Roach x2  
  60  5:23  Overlord  
  60  5:29  Mutalisk x2  
  60  5:34  Mutalisk x3  
  70  5:38  Hatchery  
  70  5:42  Mutalisk  
  71  5:48  Drone x5  
  76  5:56  Mutalisk  
  78  6:01  Overlord  
  78  6:04  Zerg Ground Armor Level 1  
  78  6:08  Drone x6  
  84  6:23  Overlord x2  
  84  6:32  Roach x5  
  94  6:36  Drone  
  94  6:37  Drone x3  
  98  6:46  Overlord  
  98  6:51  Roach x3  
  98  6:54  Extractor  
  103  6:59  Drone x2  
  105  7:02  Extractor  
  105  7:06  Roach x7  
  118  7:10  Overlord  
  118  7:11  Zerg Missile Weapons Level 2  
  118  7:13  Drone  
  119  7:18  Drone  
  119  7:20  Drone  
  121  7:31  Hatchery  
  121  7:35  Roach x8  
  136  7:37  Drone x2  
  136  7:41  Drone x3  
  141  7:44  Overlord  
  141  7:49  Ravager  
  141  7:50  Ravager x2  
  141  7:51  Overlord x2  
  144  7:53  Overseer  
  144  8:00  Zerg Ground Armor Level 2  
  144  8:02  Queen  
  146  8:05  Ravager  
  146  8:06  Ravager x3  
  146  8:10  Roach x2  
  154  8:15  Roach x2  
  154  8:16  Roach  
  154  8:18  Drone  
  160  8:22  Roach x3  
  160  8:24  Overlord  
  160  8:26  Overlord  
  166  8:34  Ravager x3  
  169  8:35  Overlord x2  
  169  8:46  Roach x6  
  181  8:49  Ravager  
  181  8:52  Roach x3  
  188  8:59  Pneumatized Carapace  
  188  9:01  Overlord  
  188  9:02  Overlord, Overseer  
  188  9:04  Drone x5  
  188  9:07  Extractor x2  
  188  9:09  Overseer  
  191  9:11  Ravager  
  186  9:28  Roach x4  
  186  9:29  Roach x3  
  186  9:30  Hatchery  
  197  9:44  Roach x4  
  194  9:47  Roach  
  194  9:48  Roach x2  
  194  9:51  Roach  
  194  9:52  Roach  
  177  9:58  Roach  
Show
View Real Time Build Order
Export as new Build Order

Serral Zerg 

Build Orders: Hatch First, Lurkers, Roach Hydra 

Get SALT Encoding   

  12  0:00  Drone  
  13  0:12  Overlord  
  13  0:17  Drone  
  14  0:31  Drone x2  
  16  0:49  Hatchery  
  15  0:52  Drone  
  15  0:55  Drone  
  17  0:58  Drone  
  18  1:06  Extractor  
  17  1:13  Spawning Pool  
  17  1:18  Drone  
  17  1:21  Drone  
  18  1:28  Drone  
  20  1:40  Drone  
  20  1:50  Overlord  
  20  2:01  Queen x2  
  20  2:04  Zergling x4  
  20  2:07  Metabolic Boost  
  26  2:10  Drone  
  26  2:14  Drone  
  28  2:22  Drone x2  
  30  2:32  Drone  
  31  2:38  Hatchery  
  31  2:41  Drone  
  31  2:45  Overlord  
  31  2:51  Zergling x2  
  31  2:53  Zergling x2  
  31  2:58  Zergling x2  
  34  3:05  Zergling x4  
  36  3:08  Zergling x6  
  36  3:09  Overlord  
  36  3:12  Drone  
  40  3:13  Drone  
  40  3:18  Drone  
  40  3:19  Drone  
  43  3:28  Drone  
  43  3:29  Drone  
  44  3:40  Drone x6  
  50  3:43  Drone  
  50  3:45  Evolution Chamber  
  47  3:51  Zergling x2  
  47  3:53  Queen  
  48  3:59  Roach Warren  
  46  4:03  Drone  
  46  4:04  Drone x4  
  46  4:08  Extractor x2  
  48  4:10  Zerg Missile Weapons Level 1  
  48  4:15  Drone x3  
  51  4:18  Drone x2  
  51  4:21  Overlord  
  51  4:23  Drone  
  54  4:26  Drone x2  
  55  4:33  Overlord  
  55  4:35  Lair  
  55  4:38  Overlord  
  55  4:40  Roach  
  57  4:46  Roach x2  
  61  5:01  Roach x3  
  61  5:05  Queen  
  61  5:06  Overlord  
  69  5:08  Overlord, Queen  
  69  5:11  Zergling x6  
  73  5:15  Roach x2  
  73  5:16  Overlord  
  73  5:21  Overlord  
  77  5:25  Overlord  
  77  5:31  Roach x4  
  77  5:32  Overseer  
  85  5:37  Overlord  
  85  5:40  Glial Reconstitution  
  85  5:44  Overlord  
  85  5:45  Roach  
  85  5:49  Pneumatized Carapace  
  87  5:52  Overlord  
  87  5:56  Overlord  
  86  5:59  Spore Crawler  
  86  6:00  Spore Crawler x2, Drone x2  
  86  6:01  Drone  
  86  6:04  Drone x2  
  86  6:06  Drone  
  86  6:07  Drone  
  86  6:08  Drone  
  86  6:11  Drone  
  92  6:14  Drone x3  
  95  6:18  Zerg Missile Weapons Level 2  
  95  6:23  Drone  
  95  6:24  Drone  
  95  6:25  Spore Crawler  
  96  6:26  Drone x2  
  98  6:33  Hydralisk Den, Extractor, Drone x3  
  98  6:37  Overlord  
  98  6:39  Drone x2  
  101  6:40  Overseer  
  101  6:44  Drone x3  
  104  6:51  Extractor  
  104  6:52  Extractor  
  102  6:56  Overlord  
  102  7:08  Lurker Den  
  101  7:09  Drone x5  
  101  7:12  Hydralisk x6  
  118  7:16  Muscular Augments, Roach  
  118  7:17  Roach  
  118  7:20  Overlord  
  118  7:21  Overlord  
  122  7:23  Roach x2  
  126  7:34  Hydralisk  
  126  7:35  Hydralisk  
  126  7:36  Roach x4  
  136  7:45  Roach  
  136  7:46  Roach x5  
  148  7:54  Overlord x2  
  148  7:55  Overlord  
  148  7:59  Overseer  
  148  8:02  Hatchery  
  147  8:09  Hydralisk x2  
  147  8:10  Roach  
  153  8:18  Roach x5  
  160  8:23  Ravager x3  
  160  8:25  Drone  
  164  8:27  Grooved Spines  
  164  8:32  Roach x5  
  174  8:37  Lurker  
  174  8:39  Lurker  
  176  8:43  Overlord  
  176  8:46  Overseer  
  176  8:48  Extractor  
  175  8:52  Hydralisk, Lurker  
  175  8:53  Overlord x3  
  175  8:55  Overlord  
  178  8:57  Overlord  
  178  8:59  Overlord  
  178  9:02  Burrow  
  175  9:04  Tunneling Claws  
  175  9:08  Lurker  
  176  9:14  Extractor  
  175  9:22  Roach x3  
  175  9:23  Roach x5  
  179  9:27  Drone x3  
  179  9:30  Lurker x2  
  179  9:38  Roach x5  
  161  9:46  Roach x5  
  161  9:52  Roach x4  
  146  9:58  Roach x3  
  127  10:01  Unknown  
  127  10:02  Unknown x3, Roach x2  
Tags
 
Add a new tag
Caveats
  • Supply blocks, unpowered buildings, or Contaminate may cause inaccurate times.
  • Supply counts are checked every 10 seconds.